General information
- name: BNet
- type: Ladder team game (AT/RT)
- host: Battle.net
- saver: HELLOMILITIA
map: Avalanche
- players: 4
- length: 04:08
- speed: Fast
- version: 1.21 W3XP
- replay type: Public
» download(16 KB)
Players
team 1 (winner)
HELLOANCIENT (
yellow | 33 APM | 137 actions | 04:07)
» actions
| Build / train | 20 | |
| Enter build submenu | 7 | |
| Right click | 65 | |
| Select / deselect | 39 | |
| Use ability | 6 | |
137 total
» units
» buildings
| Tree of Life | 1 | |
| Ancient of War | 5 | |
6 total
» build order
00:41 Tree of Life
00:43 Ancient of War
00:52 Ancient of War
02:09 Ancient of War
02:17 Ancient of War
03:32 Ancient of War
HELLOMILITIA (
purple | 56 APM | 232 actions | 04:08)
1 Archmage
1 Summon Water Elemental
» actions
| Assign group hotkey | 3 | |
| Basic commands | 10 | |
| Build / train | 15 | |
| ESC pressed | 2 | |
| Enter build submenu | 10 | |
| Enter hero's abilities submenu | 1 | |
| Right click | 101 | |
| Select / deselect | 76 | |
| Use ability | 14 | |
232 total
» units
» buildings
| Altar of Kings | 1 | |
| Farm | 2 | |
| Scout Tower | 5 | |
| Lumber Mill | 1 | |
9 total
» build order
00:05 Altar of Kings
00:45 Farm
01:26 Scout Tower
01:33 Farm
01:41 Scout Tower
02:25 Lumber Mill
03:41 Scout Tower
03:41 Scout Tower
03:43 Scout Tower
team 2 (loser)
shannon (
orange | 50 APM | 205 actions | 04:06)
1 Keeper of the Grove
1 Force of Nature
» actions
| Build / train | 15 | |
| Enter build submenu | 5 | |
| Enter hero's abilities submenu | 1 | |
| Right click | 70 | |
| Select / deselect | 107 | |
| Use ability | 7 | |
205 total
» units
» buildings
| Altar of Elders | 1 | |
| Moon Well | 2 | |
| Ancient of War | 1 | |
4 total
» build order
00:06 Altar of Elders
00:11 Moon Well
00:14 Moon Well
01:01 Ancient of War
Teresa) (
red | 52 APM | 209 actions | 04:01)
1 Death Knight
1 Death Coil
» actions
| Assign group hotkey | 6 | |
| Basic commands | 2 | |
| Build / train | 12 | |
| Enter build submenu | 10 | |
| Enter hero's abilities submenu | 1 | |
| Right click | 78 | |
| Select / deselect | 71 | |
| Select group hotkey | 20 | |
| Use ability | 9 | |
209 total
» units
» buildings
| Graveyard | 1 | |
| Crypt | 1 | |
| Altar of Darkness | 1 | |
| Ziggurat | 2 | |
5 total
» build order
00:10 Graveyard
00:19 Crypt
00:52 Altar of Darkness
00:57 Ziggurat
02:08 Ziggurat
Chat log
(01:29 / All) HELLOANCIENT: hi
(01:35 / All) shannon: pro
(01:43 / All) HELLOANCIENT: us?